 Dungeon Crawl Stone Soup version 0.31.0-32-g396128a36d (webtiles) character file.

Game seed: 13440766481453863459

16 Peloso the Covered (level 2, 0/27 HPs)
             Began as a Minotaur Fighter on Mar 23, 2024.
             Slain by a ball python (1 damage)
             ... on level 2 of the Dungeon.
             The game lasted 00:01:44 (936 turns).

Peloso the Covered (Minotaur Fighter)                Turns: 936, Time: 00:01:45

Health: 0/27       AC:  7    Str: 18 (20) XL:     2   Next: 37%
Magic:  1/1        EV:  6    Int:  4 (5)  God:
Gold:   90         SH:  4    Dex:  7 (9)  Spells: 1/1 levels left

rFire   . . .        a - +0 long sword
rCold   . . .        c - +0 buckler
rNeg    . . .        b - +0 scale mail
rPois   .            (helmet restricted)
rElec   .            (no cloak)
rCorr   .            (no gloves)
SInv    .            (no boots)
Will    .....        (no amulet) Stlth
                     (no ring)
HPRegen 0.24/turn    (no ring)
MPRegen 0.07/turn

%: no passive effects
@: constricted
A: horns 2, retaliatory headbutt
a: no special abilities


You were on level 2 of the Dungeon.
You visited 1 branch of the dungeon, and saw 2 of its levels.

You collected 90 gold pieces.

Inventory:

Hand Weapons
 a - a +0 long sword (weapon)
Armour
 b - a +0 scale mail (worn)
 c - a +0 buckler (worn)
Scrolls
 g - a scroll of identify {unknown}
Potions
 d - a potion of might


   Skills:
 + Level 3.9 Fighting
 + Level 2.5 Long Blades
 + Level 4.0 Armour
 + Level 4.0 Shields


You had one spell level left.
You didn't know any spells.
Your spell library contained the following spells:

 Spells                   Type           Power      Damage    Failure   Level
 Alistair's Intoxication  Alch           0%         N/A       100%        5
 Borgnjor's Vile Clutch   Necr/Erth      0%         N/A       100%        5
 Eringya's Noxious Bog    Alch           0%         4d6       100%        6


Dungeon Overview and Level Annotations

Branches:
Dungeon (2/15)

Altars:


Innate Abilities, Weirdness & Mutations

You have a pair of horns on your head.
You reflexively headbutt those who attack you in melee.


Message History

You barely miss the ribbon worm.
The ball python hisses angrily.
You headbutt the ribbon worm, but do no damage.
The ribbon worm is heavily wounded.
The ribbon worm barely misses you. You furiously retaliate!
You headbutt the ribbon worm. The dart slug launches a dart at you.
The slug dart hits you but does no damage.
You block the goblin's attack.
You hit the ribbon worm.
The ribbon worm is severely wounded.
The ribbon worm barely misses you. The dart slug completely misses you.
You block the goblin's attack.
You hit the ribbon worm.
The ribbon worm is severely wounded.
The goblin hits you but does no damage. The ribbon worm bites you.
* * * LOW HITPOINT WARNING * * *
The dart slug barely misses you.
Unknown command.
You hit the ribbon worm. You headbutt the ribbon worm.
You kill the ribbon worm!
The goblin barely misses you. The dart slug launches a dart at you.
The slug dart hits you but does no damage.
The goblin barely misses you.
Your Shields skill increases to level 4!
You barely miss the dart slug. You headbutt the dart slug.
The dart slug is severely wounded.
The ball python completely misses you. The ball python grabs you.
The ball python constricts you. You block the ball python's attack.
The ball python constricts you. The goblin hits you with a +0 dagger.
* * * LOW HITPOINT WARNING * * *
The dart slug bites you but does no damage.
You hit the dart slug.
You kill the dart slug!
The ball python bites you.
* * * LOW HITPOINT WARNING * * *
The ball python constricts you. The goblin hits you but does no damage.
The ball python bites you.
You die...

...<#####...#
#...........
#..........#
#..........#
#..........#######
#................#
#.....gS.........#
#.....@..........#
#.....††.........#
#................#
#................#
##########.......#
#.......#
#........ ####
#.#########...
#.........#.##


You could see a goblin and a ball python.

Vanquished Creatures
  A dart slug (D:2)
  A ribbon worm (D:2)
  4 ball pythons
  A giant cockroach (D:1)
  A hobgoblin (D:1)
  2 quokkas
  A frilled lizard (D:1)
  2 kobolds (D:1)
  A rat (D:1)
14 creatures vanquished.

Notes
Turn   | Place    | Note
-------+----------+-------------------------------------------
     0 | D:1      | Peloso the Minotaur Fighter began the quest for the Orb.
     0 | D:1      | Reached XP level 1. HP: 19/19 MP: 0/0
   424 | D:1      | Reached XP level 2. HP: 27/27 MP: 1/1
   935 | D:2      | HP: 1/27 [goblin/+0 dagger (2)]
   936 | D:2      | Slain by a ball python

Illustrated notes

Levels and vault maps discovered:
D:1:      sevenhm_arrival_forest_fort_large_4, layout_basic
D:2:      layout_basic

Skill      XL: |  1  2 |
---------------+-------+-----
Armour         | 4 |  4.0
Shields        | 4 |  4.0
Fighting       | |  3.9
Long Blades    | |  2.5

Action                     || total
---------------------------++-------
  Melee: Long sword        ||    48
         Headbutt          ||     7
    Use: Scroll            ||     1
         Potion            ||     1
 Armour: Scale mail        ||    52
  Dodge: Dodged            ||    30
  Block: Buckler           ||    16
